[Event "EYTCC U12 Open 2019"]
[Site "Pardubice"]
[Date "2019.07.11"]
[Round "1.18"]
[White "Vagman, Roy"]
[Black "Winter, Ondrej"]
[Result "0-1"]
[ECO "B23"]
[WhiteElo "1941"]
[BlackElo "1725"]
[Annotator "NA"]
[PlyCount "120"]
[EventDate "2019.07.11"]
[EventType "swiss"]
[EventCountry "CZE"]
[SourceTitle "playchess.com"]
[Source "ChessBase"]
[SourceQuality "1"]
[WhiteTeam "Israel"]
[BlackTeam "Czech Republic"]
[WhiteTeamCountry "ISR"]
[BlackTeamCountry "CZE"]
[TimeControl "40/5400+30:1800+30"]

1. e4 c5 2. Ne2 Nc6 3. Nbc3 d6 4. g3 g6 5. d4 cxd4 6. Nxd4 Bg7 7. Nde2 Nf6 8. Bg2 Bd7 9. O-O Qc8 10. Re1 O-O 11. Nf4 Ne5 12. h3 Nc4 13. Kh2 Re8 14. b3 Nb6 15. Bd2 Qc7 16. Nce2 Rac8 17. c4 Bc6 18. Nc3 a5 19. Nd3 Nbd7 20. Rc1 b6 21. Qc2 Nc5 22. Nxc5 bxc5 23. Rf1 Ra8 24. f4 Nd7 25. Rce1 Reb8 26. Nd5 Qd8 27. Bc3 a4 28. e5 axb3 29. axb3 Bxd5 30. Bxd5 Ra3 31. exd6 e6 32. Bxg7 exd5 33. f5 Rbxb3 34. fxg6 Rxg3 35. Re8+ Qxe8 36. gxf7+ Qxf7 37. Rxf7 Rxh3+ 38. Kg2 Rag3+ 39. Kf2 Rf3+ 40. Rxf3 Rh2+ 41. Kg3 Rxc2 42. Bh6 Rxc4 43. Re3 Re4 44. Ra3 Kf7 45. Ra8 Ke6 46. Bf4 c4 47. Kg4 Ne5+ 48. Kg3 Kxd6 49. Rc8 Kd7 50. Ra8 c3 51. Ra3 Rxf4 52. Ra7+ Ke6 53. Rxh7 Rg4+ 54. Kh3 c2 55. Rh6+ Rg6 56. Rxg6+ Nxg6 57. Kg3 c1=Q 58. Kg2 Qe3 59. Kh1 Nf4 60. Kh2 Qf2+ 0-1

[Event "EYTCC U12 Open 2019"]
[Site "Pardubice"]
[Date "2019.07.11"]
[Round "1.19"]
[White "Hladky, Tadeas"]
[Black "Uritsky, Yonathan"]
[Result "1/2-1/2"]
[ECO "C02"]
[WhiteElo "1638"]
[BlackElo "2040"]
[Annotator "NA"]
[PlyCount "120"]
[EventDate "2019.07.11"]
[EventType "swiss"]
[EventCountry "CZE"]
[SourceTitle "playchess.com"]
[Source "ChessBase"]
[SourceQuality "1"]
[WhiteTeam "Czech Republic"]
[BlackTeam "Israel"]
[WhiteTeamCountry "CZE"]
[BlackTeamCountry "ISR"]
[TimeControl "40/5400+30:1800+30"]

1. e4 c5 2. c3 e6 3. d4 d5 4. e5 Nc6 5. Nf3 Bd7 6. Be2 Rc8 7. O-O Nge7 8. b3 Ng6 9. g3 Be7 10. Bb2 O-O 11. Na3 f6 12. exf6 Bxf6 13. Qd2 Qa5 14. Rfd1 Rcd8 15. Nc2 Be8 16. dxc5 Qxc5 17. Qe3 Qxe3 18. Nxe3 Bf7 19. Nd4 e5 20. Ndc2 Be6 21. Bg4 Bxg4 22. Nxg4 Be7 23. Ba3 Bxa3 24. Nxa3 Rfe8 25. Nb5 Re7 26. Rd2 Red7 27. Rad1 a6 28. Na3 b5 29. Ne3 b4 30. Nxd5 Kf7 31. Nc4 a5 32. cxb4 Nd4 33. Kg2 Rxd5 34. bxa5 Ke6 35. b4 Nc2 36. Rxd5 Rxd5 37. Rxd5 Kxd5 38. Ne3+ Nxe3+ 39. fxe3 e4 40. g4 Ne5 41. g5 Nf3 42. a6 Kc6 43. b5+ Kb6 44. h4 Nxh4+ 45. Kg3 Nf5+ 46. Kf4 Nd6 47. a4 h5 48. gxh6 gxh6 49. Ke5 Nc4+ 50. Kxe4 h5 51. Kf4 h4 52. e4 h3 53. Kg3 h2 54. Kxh2 Nd2 55. Kg3 Nxe4+ 56. Kf4 Nc3 57. a5+ Ka7 58. b6+ Kxa6 59. b7 Kxb7 60. a6+ Kxa6 {[%emt 0:00:07] Ke4} 1/2-1/2

[Event "EYTCC U12 Open 2019"]
[Site "Pardubice"]
[Date "2019.07.11"]
[Round "1.20"]
[White "Tsirilman, Guy"]
[Black "Mohapl, Tomas"]
[Result "1-0"]
[ECO "A06"]
[WhiteElo "1792"]
[BlackElo "1585"]
[Annotator "NA"]
[PlyCount "57"]
[EventDate "2019.07.11"]
[EventType "swiss"]
[EventCountry "CZE"]
[SourceTitle "playchess.com"]
[Source "ChessBase"]
[SourceQuality "1"]
[WhiteTeam "Israel"]
[BlackTeam "Czech Republic"]
[WhiteTeamCountry "ISR"]
[BlackTeamCountry "CZE"]
[TimeControl "40/5400+30:1800+30"]

1. Nf3 d5 2. g3 Nf6 3. Bg2 Bf5 4. O-O e6 5. d3 Bd6 6. Nbd2 O-O 7. Qe1 e5 8. e4 dxe4 9. dxe4 Be6 10. c3 Qe7 11. Qe2 Bd7 12. a4 Bc6 13. b4 b6 14. a5 a6 15. axb6 cxb6 16. Nh4 g6 17. Rd1 b5 18. Nf1 Rd8 19. Bg5 Kg7 20. Ne3 Qe6 21. Qf1 Bc7 22. Bh3 Qe8 23. Nhf5+ gxf5 24. Nxf5+ Kg6 25. Nh4+ Kg7 26. Nf5+ Kg6 27. Rxd8 Bxd8 28. Qc1 Bxe4 29. Bxf6 1-0

[Event "EYTCC U12 Open 2019"]
[Site "Pardubice"]
[Date "2019.07.11"]
[Round "1.21"]
[White "Strybuk, Artsiom I"]
[Black "Fizer, Marek"]
[Result "1-0"]
[ECO "D06"]
[WhiteElo "2193"]
[BlackElo "1624"]
[Annotator "NA"]
[PlyCount "63"]
[EventDate "2019.07.11"]
[EventType "swiss"]
[EventCountry "CZE"]
[SourceTitle "playchess.com"]
[Source "ChessBase"]
[SourceQuality "1"]
[WhiteTeam "Belarus"]
[BlackTeam "Czech Republic"]
[WhiteTeamCountry "BLR"]
[BlackTeamCountry "CZE"]
[TimeControl "40/5400+30:1800+30"]

1. d4 d5 2. c4 Nf6 3. cxd5 Nxd5 4. Nf3 e6 5. e4 Nb6 6. Nc3 Be7 7. Bd3 O-O 8. O-O N8d7 9. Bf4 c5 10. d5 exd5 11. exd5 Bf6 12. Re1 c4 13. Bf1 Bxc3 14. bxc3 Nf6 15. d6 Nfd5 16. Qd4 Nxf4 17. Qxf4 Be6 18. Rad1 Rc8 19. Ng5 Qd7 20. Nxe6 fxe6 21. Qe5 Rf6 22. g3 Qf7 23. Bh3 Re8 24. Rd2 Nd7 25. Qb5 Rh6 26. Bg4 b6 27. Qxc4 Nc5 28. a4 Qd7 29. a5 Nb7 30. Qc7 Qxc7 31. dxc7 bxa5 32. Rb1 1-0

[Event "EYTCC U12 Open 2019"]
[Site "Pardubice"]
[Date "2019.07.11"]
[Round "1.22"]
[White "Lang, Simon"]
[Black "Navumenka, Mikhei"]
[Result "0-1"]
[ECO "C01"]
[WhiteElo "1506"]
[BlackElo "2196"]
[Annotator "NA"]
[PlyCount "52"]
[EventDate "2019.07.11"]
[EventType "swiss"]
[EventCountry "CZE"]
[SourceTitle "playchess.com"]
[Source "ChessBase"]
[SourceQuality "1"]
[WhiteTeam "Czech Republic"]
[BlackTeam "Belarus"]
[WhiteTeamCountry "CZE"]
[BlackTeamCountry "BLR"]
[TimeControl "40/5400+30:1800+30"]

1. e4 e6 2. d4 d5 3. exd5 exd5 4. c4 Nf6 5. Nf3 Be7 6. Nc3 O-O 7. Be2 dxc4 8. Bxc4 Bg4 9. Be3 Nbd7 10. O-O Nb6 11. Bb3 Nbd5 12. Rc1 c6 13. Re1 Bb4 14. a3 Nxc3 15. bxc3 Bxa3 16. Rb1 Nd5 17. c4 Nc3 18. Qc2 Nxb1 19. Qxb1 Bxf3 20. gxf3 Bd6 21. Bc2 Qh4 22. Kf1 Rae8 23. Be4 Qh3+ 24. Ke2 f5 25. Bc2 f4 26. c5 fxe3 0-1

[Event "EYTCC U12 Open 2019"]
[Site "Pardubice"]
[Date "2019.07.11"]
[Round "1.23"]
[White "Bialiauski, Artsiom"]
[Black "Juhanak, Daniel"]
[Result "1-0"]
[ECO "D93"]
[WhiteElo "1784"]
[BlackElo "1510"]
[Annotator "NA"]
[PlyCount "150"]
[EventDate "2019.07.11"]
[EventType "swiss"]
[EventCountry "CZE"]
[SourceTitle "playchess.com"]
[Source "ChessBase"]
[SourceQuality "1"]
[WhiteTeam "Belarus"]
[BlackTeam "Czech Republic"]
[WhiteTeamCountry "BLR"]
[BlackTeamCountry "CZE"]
[TimeControl "40/5400+30:1800+30"]

1. d4 d5 2. Nf3 Nf6 3. Bf4 g6 4. e3 Bg7 5. c4 O-O 6. Nc3 b6 7. cxd5 Nxd5 8. Nxd5 Qxd5 9. Bxc7 Bb7 10. Be2 Nc6 11. O-O Rac8 12. Bg3 Rfd8 13. b3 b5 14. Rc1 a6 15. Qe1 Qf5 16. Rc5 Qd7 17. Qc1 e6 18. Rd1 Nb4 19. a3 Nd5 20. Ne5 Qe8 21. Rc2 Rxc2 22. Qxc2 Rc8 23. Qd2 Nc3 24. Re1 Ne4 25. Qd1 Nc3 26. Qa1 Nxe2+ 27. Rxe2 Qd8 28. f3 Qd5 29. Qd1 Rc3 30. Nd3 Bf8 31. Rb2 Bxa3 32. Rb1 Be7 33. Nf4 Qc6 34. Ne2 Rc2 35. d5 Qc8 36. d6 Bd8 37. Nd4 Rc3 38. Qd2 b4 39. Qe2 Rc1+ 40. Rxc1 Qxc1+ 41. Qe1 Qc3 42. Qxc3 bxc3 43. Be1 Ba5 44. Nc2 Kf8 45. b4 Bb6 46. Bxc3 Ke8 47. Kf2 Kd7 48. Be5 Ba7 49. Na3 Bd5 50. Ke2 Bb8 51. e4 Bb3 52. Kd3 Bxd6 53. Bxd6 Kxd6 54. Kc3 Ba4 55. Nc4+ Kc7 56. Kd4 f6 57. Kc5 f5 58. Nd6 Bc6 59. g3 Kd7 60. Nf7 Bb5 61. Ng5 h6 62. Nf7 h5 63. Ne5+ Ke7 64. Nxg6+ Kf6 65. Nf4 Kg5 66. h4+ Kh6 67. Kb6 Bc4 68. Kb7 Bb5 69. Nd5 Be2 70. f4 Bf3 71. Kc6 Bxe4 72. Kd6 Kg6 73. Ke5 Bxd5 {[%emt 0:00:12] Kxd5 Kf6+} 74. Kd6 Kf7 75. Ke5 Kg6 {[%emt 0:00:00] Kxe6} 1-0

[Event "EYTCC U12 Open 2019"]
[Site "Pardubice"]
[Date "2019.07.11"]
[Round "1.24"]
[White "Buchta, Bartolomej"]
[Black "Piatrenka, Ivan"]
[Result "0-1"]
[ECO "B08"]
[WhiteElo "1585"]
[BlackElo "1498"]
[Annotator "NA"]
[PlyCount "82"]
[EventDate "2019.07.11"]
[EventType "swiss"]
[EventCountry "CZE"]
[SourceTitle "playchess.com"]
[Source "ChessBase"]
[SourceQuality "1"]
[WhiteTeam "Czech Republic"]
[BlackTeam "Belarus"]
[WhiteTeamCountry "CZE"]
[BlackTeamCountry "BLR"]
[TimeControl "40/5400+30:1800+30"]

1. e4 d6 2. d4 Nf6 3. Nc3 g6 4. Nf3 Bg7 5. Bc4 O-O 6. Bg5 Nxe4 7. Nxe4 d5 8. Bd3 dxe4 9. Bxe4 Nc6 10. c3 Qe8 11. Qd2 e5 12. d5 Na5 13. b3 f5 14. Bc2 e4 15. Nd4 Qf7 16. c4 c5 17. Qxa5 cxd4 18. Rd1 d3 19. Bxd3 exd3 20. Rxd3 f4 21. O-O h6 22. Bd8 Bf5 23. Rf3 Rfxd8 24. Rxf4 b6 25. Qb4 Qc7 26. Rf3 Be5 27. h3 Bd6 28. Qd2 Qg7 29. g4 Be4 30. Re3 Bf4 31. f3 Bxe3+ 32. Qxe3 Bxf3 33. Qxf3 Rf8 34. Qe3 Rxf1+ 35. Kxf1 Rf8+ 36. Kg2 g5 37. Qd2 Qf6 38. Qe2 Kf7 39. b4 Re8 40. Qd2 Qf4 41. Qd1 Re3 0-1

[Event "EYTCC U12 Open 2019"]
[Site "Pardubice"]
[Date "2019.07.12"]
[Round "2.1"]
[White "Maurizzi, Marc Andria"]
[Black "Royal, Shreyas"]
[Result "1-0"]
[ECO "C84"]
[WhiteElo "2412"]
[BlackElo "1996"]
[Annotator "NA"]
[PlyCount "65"]
[EventDate "2019.07.11"]
[EventType "swiss"]
[EventCountry "CZE"]
[SourceTitle "playchess.com"]
[Source "ChessBase"]
[SourceQuality "1"]
[WhiteTeam "France"]
[BlackTeam "England"]
[WhiteTeamCountry "FRA"]
[BlackTeamCountry "ENG"]
[TimeControl "40/5400+30:1800+30"]

1. e4 e5 2. Nf3 Nc6 3. Bb5 a6 4. Ba4 Nf6 5. O-O Be7 6. d3 b5 7. Bb3 d6 8. a3 a5 9. Nc3 Rb8 10. Be3 O-O 11. a4 b4 12. Nd5 Be6 13. Bc4 Qd7 14. Nd2 Bd8 15. Nxf6+ Bxf6 16. Bb5 Qe8 17. Nc4 Bd7 18. c3 Ra8 19. Bd2 bxc3 20. Bxc3 Nb4 21. Bxd7 Qxd7 22. Nxa5 Rfb8 23. Nc4 Qe6 24. Re1 d5 25. exd5 Qxd5 26. Nxe5 Bxe5 27. Rxe5 Qxd3 28. Qg4 f6 29. Re7 Qg6 30. Qc4+ Kh8 31. Bxb4 c5 32. Bc3 Qc2 33. Qe4 1-0

[Event "EYTCC U12 Open 2019"]
[Site "Pardubice"]
[Date "2019.07.12"]
[Round "2.2"]
[White "Merriman, James"]
[Black "Makkar, Rajat"]
[Result "1-0"]
[ECO "A65"]
[WhiteElo "1808"]
[BlackElo "2064"]
[Annotator "NA"]
[PlyCount "127"]
[EventDate "2019.07.11"]
[EventType "swiss"]
[EventCountry "CZE"]
[SourceTitle "playchess.com"]
[Source "ChessBase"]
[SourceQuality "1"]
[WhiteTeam "England"]
[BlackTeam "France"]
[WhiteTeamCountry "ENG"]
[BlackTeamCountry "FRA"]
[TimeControl "40/5400+30:1800+30"]

1. d4 Nf6 2. c4 c5 3. d5 e6 4. Nc3 exd5 5. cxd5 d6 6. e4 g6 7. Nge2 Bg7 8. Ng3 O-O 9. Be2 a6 10. a4 Nbd7 11. Bg5 h6 12. Be3 Rb8 13. O-O h5 14. Bg5 Qa5 15. Qd2 Re8 16. f3 Nh7 17. Bh6 Bh8 18. Rfd1 Qc7 19. Be3 b6 20. b3 Ne5 21. Rac1 h4 22. Nh1 h3 23. gxh3 Bxh3 24. Nf2 Bc8 25. f4 Nd7 26. Kh1 Bb7 27. Rg1 Qd8 28. Rg3 Nhf8 29. Ng4 Bg7 30. Rh3 Nf6 31. Nh6+ Bxh6 32. Rxh6 Kg7 33. f5 Nxe4 34. Nxe4 Rxe4 35. Bf3 Bxd5 36. Bg5 f6 37. Qxd5 Rd4 38. Rh3 Rxd5 39. Bh6+ Kf7 40. Bxd5+ Ke7 41. Bxf8+ Kxf8 42. fxg6 Kg7 43. Rg1 Qh8 44. Rxh8 Rxh8 45. Bb7 Rh3 46. Rg3 Rxg3 47. hxg3 Kxg6 48. Bxa6 Kf5 49. Kg2 Ke4 50. Bb7+ d5 51. g4 Kd4 52. Kf3 c4 53. bxc4 dxc4 54. Kf4 Kc3 55. Kf5 Kb4 56. Kxf6 Kxa4 57. g5 c3 58. Be4 b5 59. g6 b4 60. g7 b3 61. g8=Q c2 62. Bxc2 bxc2 63. Qc4+ Ka3 64. Qxc2 1-0

[Event "EYTCC U12 Open 2019"]
[Site "Pardubice"]
[Date "2019.07.12"]
[Round "2.3"]
[White "Mekhane, Adam"]
[Black "Thatte, Nishchal"]
[Result "1-0"]
[ECO "C07"]
[WhiteElo "2040"]
[BlackElo "1686"]
[Annotator "NA"]
[PlyCount "147"]
[EventDate "2019.07.11"]
[EventType "swiss"]
[EventCountry "CZE"]
[SourceTitle "playchess.com"]
[Source "ChessBase"]
[SourceQuality "1"]
[WhiteTeam "France"]
[BlackTeam "England"]
[WhiteTeamCountry "FRA"]
[BlackTeamCountry "ENG"]
[TimeControl "40/5400+30:1800+30"]

1. e4 e6 2. d4 d5 3. Nd2 c5 4. exd5 Qxd5 5. dxc5 Bxc5 6. Ngf3 Nf6 7. Bc4 Qc6 8. Qe2 O-O 9. O-O a6 10. Bd3 Nbd7 11. Ne4 Nxe4 12. Bxe4 Qc7 13. c3 Nf6 14. Bc2 b6 15. Bg5 Bb7 16. Bxf6 gxf6 17. Be4 Bxe4 18. Qxe4 f5 19. Qh4 Qe7 20. Qh6 Rae8 21. Rfe1 f6 22. Rad1 Qg7 23. Qxg7+ Kxg7 24. b4 Be7 25. Rxe6 Bd8 26. Rd7+ Rf7 27. Rxf7+ Kxf7 28. Rxe8 Kxe8 29. Nd4 Bc7 30. Nxf5 Be5 31. Nd4 Kd7 32. Kf1 Kd6 33. Ke2 Kd5 34. Kd3 b5 35. g3 Bc7 36. f3 Bb6 37. Ne2 Ba7 38. h4 Bf2 39. h5 Be1 40. g4 Bf2 41. Nf4+ Kd6 42. c4 bxc4+ 43. Kxc4 Ba7 44. Nd3 Kc6 45. Nc5 a5 46. Ne4 axb4 47. Nxf6 Be3 48. Nxh7 Kd6 49. Nf8 Bd2 50. Ng6 Ke6 51. Kd3 Bc1 52. Ke4 Bd2 53. f4 Kf6 54. Ne5 Kg7 55. g5 Bc3 56. Kf5 Ba1 57. h6+ Kh7 58. Nd7 Bb2 59. Nf6+ Kh8 60. g6 Bxf6 61. Kxf6 Kg8 62. g7 Kh7 63. Kf7 Kxh6 64. g8=Q b3 65. axb3 Kh5 66. b4 Kh4 67. b5 Kh3 68. b6 Kh2 69. b7 Kh1 70. b8=B Kh2 71. Qg4 Kh1 72. Ba7 Kh2 73. Bb6 Kh1 74. Qg1# 1-0

[Event "EYTCC U12 Open 2019"]
[Site "Pardubice"]
[Date "2019.07.12"]
[Round "2.4"]
[White "Trivedi, Aarnavh"]
[Black "Bat, Bilguun"]
[Result "0-1"]
[ECO "A45"]
[WhiteElo "1669"]
[BlackElo "2093"]
[Annotator "NA"]
[PlyCount "102"]
[EventDate "2019.07.11"]
[EventType "swiss"]
[EventCountry "CZE"]
[SourceTitle "playchess.com"]
[Source "ChessBase"]
[SourceQuality "1"]
[WhiteTeam "England"]
[BlackTeam "France"]
[WhiteTeamCountry "ENG"]
[BlackTeamCountry "FRA"]
[TimeControl "40/5400+30:1800+30"]

1. d4 Nf6 2. Bg5 d5 3. Bxf6 exf6 4. e3 Bd6 5. g3 O-O 6. Bg2 f5 7. Ne2 c6 8. O-O Nd7 9. Qd3 Nf6 10. c4 dxc4 11. Qxc4 Be6 12. Qd3 g6 13. Nbc3 Bc7 14. Rfd1 Qe7 15. Qc2 Rad8 16. a3 h5 17. b4 h4 18. b5 hxg3 19. hxg3 Ng4 20. bxc6 bxc6 21. Bxc6 Qg5 22. Kg2 Qxe3 23. fxe3 Nxe3+ 24. Kf3 Nxc2 25. Rac1 Nxa3 26. d5 Bd7 27. Nd4 Bb6 28. Bxd7 Rxd7 29. Nc6 Re8 30. Re1 Rxe1 31. Rxe1 Nc4 32. Kf4 Bc7+ 33. Kf3 Kg7 34. Nxa7 Bxg3 35. Nab5 Bxe1 36. Ke2 Bxc3 37. Nxc3 Nb6 38. Kf3 Nxd5 39. Ne2 g5 40. Kg3 Re7 41. Nd4 Re3+ 42. Kf2 Kf6 43. Nc2 Rh3 44. Ne1 Ke5 45. Kg2 Nf4+ 46. Kf1 Rc3 47. Kf2 Ke4 48. Kf1 Rc1 49. Kf2 g4 50. Kf1 g3 51. Kg1 Rxe1# 0-1

[Event "EYTCC U12 Open 2019"]
[Site "Pardubice"]
[Date "2019.07.12"]
[Round "2.5"]
[White "Fiszer, Bartosz"]
[Black "Strybuk, Artsiom I"]
[Result "1-0"]
[ECO "C65"]
[WhiteElo "2124"]
[BlackElo "2193"]
[Annotator "NA"]
[PlyCount "148"]
[EventDate "2019.07.11"]
[EventType "swiss"]
[EventCountry "CZE"]
[SourceTitle "playchess.com"]
[Source "ChessBase"]
[SourceQuality "1"]
[WhiteTeam "Poland"]
[BlackTeam "Belarus"]
[WhiteTeamCountry "POL"]
[BlackTeamCountry "BLR"]
[TimeControl "40/5400+30:1800+30"]

1. e4 e5 2. Nf3 Nc6 3. Bb5 Nf6 4. d3 Bc5 5. Bxc6 dxc6 6. h3 Be6 7. Nc3 Nd7 8. Ng5 Qe7 9. Qe2 Nf8 10. Be3 Bd7 11. O-O-O Ng6 12. g3 Bd4 13. Qd2 Qf6 14. h4 h6 15. Nh3 Bg4 16. Rde1 O-O-O 17. Ng1 Kb8 18. f3 Bc8 19. h5 Ne7 20. Bxd4 exd4 21. Nd1 c5 22. Kb1 Nc6 23. f4 Be6 24. b3 c4 25. dxc4 Qe7 26. Nb2 Rhe8 27. Nd3 a5 28. f5 Bc8 29. Nf3 a4 30. g4 b6 31. Rh2 Bb7 32. Rhe2 Na5 33. Qb4 Qxb4 34. Nxb4 axb3 35. axb3 Rd7 36. Nd3 f6 37. Nh4 Nc6 38. Ng6 Ne5 39. Ngxe5 fxe5 40. g5 Rd6 41. g6 Kc8 42. Kc1 Kd7 43. Kd2 Rf6 44. Nf2 Rff8 45. Ng4 Bc8 46. Rf2 Kd6 47. Kd3 Bd7 48. Ra1 Ra8 49. Rxa8 Rxa8 50. Rf1 Rb8 51. Ra1 Rf8 52. Kd2 Rb8 53. Ra7 Rf8 54. b4 Bxf5 55. exf5 Rxf5 56. c5+ bxc5 57. bxc5+ Kd7 58. Ra8 Rg5 59. Nf2 Rxh5 60. Rg8 Rh2 61. Rxg7+ Ke6 62. Ke1 Kf6 63. Rg8 Rg2 64. Ke2 e4 65. Kf1 Rxg6 66. Nxe4+ Kf5 67. Nd6+ Kg5 68. Rxg6+ Kxg6 69. Nb5 Kf5 70. Nxc7 Ke5 71. Nb5 Kd5 72. Nxd4 Kxc5 73. Nf5 Kc4 74. Ke2 Kd5 1-0

[Event "EYTCC U12 Open 2019"]
[Site "Pardubice"]
[Date "2019.07.12"]
[Round "2.6"]
[White "Navumenka, Mikhei"]
[Black "Seemann, Jakub"]
[Result "1-0"]
[ECO "D70"]
[WhiteElo "2196"]
[BlackElo "2017"]
[Annotator "NA"]
[PlyCount "95"]
[EventDate "2019.07.11"]
[EventType "swiss"]
[EventCountry "CZE"]
[SourceTitle "playchess.com"]
[Source "ChessBase"]
[SourceQuality "1"]
[WhiteTeam "Belarus"]
[BlackTeam "Poland"]
[WhiteTeamCountry "BLR"]
[BlackTeamCountry "POL"]
[TimeControl "40/5400+30:1800+30"]

1. d4 Nf6 2. c4 g6 3. Nf3 Bg7 4. g3 O-O 5. Bg2 c5 6. d5 d6 7. Nc3 e6 8. O-O exd5 9. cxd5 Re8 10. Bf4 a6 11. a4 Ne4 12. Nxe4 Rxe4 13. Nd2 Rb4 14. Ra2 Qe7 15. b3 Be5 16. Bxe5 Qxe5 17. Nc4 Qe7 18. e4 Nd7 19. f4 f6 20. Re1 Nb6 21. Ne3 a5 22. Qd3 Bd7 23. Rae2 c4 24. Nxc4 Nxc4 25. bxc4 Rc8 26. h4 Rbxc4 27. e5 Rc3 28. Qd4 R3c4 29. Qb6 fxe5 30. fxe5 Rc2 31. Rxc2 Rxc2 32. Qxd6 Qxd6 33. exd6 Rc8 34. Rb1 Bxa4 35. Rxb7 Rd8 36. Ra7 Rxd6 37. Rxa5 Bb3 38. Kf2 Kf7 39. Ke3 Kf6 40. Kd4 Kf5 41. Bh3+ Kf6 42. Bg2 Kf5 43. Bf3 h6 44. Be4+ Kg4 45. Ra3 Bd1 46. Ke5 Rd8 47. Bxg6 Bf3 48. Bh5+ 1-0

[Event "EYTCC U12 Open 2019"]
[Site "Pardubice"]
[Date "2019.07.12"]
[Round "2.7"]
[White "Meers, Hubert"]
[Black "Bialiauski, Artsiom"]
[Result "1/2-1/2"]
[ECO "C91"]
[WhiteElo "2141"]
[BlackElo "1784"]
[Annotator "NA"]
[PlyCount "160"]
[EventDate "2019.07.11"]
[EventType "swiss"]
[EventCountry "CZE"]
[SourceTitle "playchess.com"]
[Source "ChessBase"]
[SourceQuality "1"]
[WhiteTeam "Poland"]
[BlackTeam "Belarus"]
[WhiteTeamCountry "POL"]
[BlackTeamCountry "BLR"]
[TimeControl "40/5400+30:1800+30"]

1. e4 e5 2. Nf3 Nc6 3. Bb5 a6 4. Ba4 Nf6 5. O-O Be7 6. Re1 b5 7. Bb3 d6 8. c3 O-O 9. d4 Bg4 10. Be3 exd4 11. cxd4 Na5 12. Bc2 c5 13. Nbd2 Nc6 14. d5 Ne5 15. h3 Bxf3 16. Nxf3 Nc4 17. Bc1 Nd7 18. b3 Bf6 19. Rb1 Nce5 20. Nxe5 dxe5 21. Re3 Nb6 22. Qg4 g6 23. Rc3 Rc8 24. Be3 Qd6 25. Bd1 Rc7 26. Qg3 Be7 27. Rbc1 c4 28. Bxb6 Qxb6 29. bxc4 b4 30. Rb3 Qd4 31. Qd3 Qxd3 32. Rxd3 Bg5 33. d6 Rc5 34. Rc2 Rfc8 35. d7 Rd8 36. Be2 Be7 37. Rd5 Rxd5 38. cxd5 Rxd7 39. Bxa6 Bd6 40. Rc6 Kf8 41. Bc4 Ke7 42. Bb3 Rc7 43. Ra6 Rc1+ 44. Kh2 Rc7 45. g4 h6 46. Ra8 Kf6 47. Rh8 Rd7 48. h4 Rc7 49. Kg3 Rc3+ 50. Kg2 Rc7 51. h5 Rd7 52. Kf3 Rc7 53. Kg3 Rc3+ 54. Kg2 Rc7 55. hxg6 Kxg6 56. Rd8 Be7 57. Ra8 Rd7 58. Ba4 Rd8 59. Ra6+ Bd6 60. Kg3 h5 61. Bd1 hxg4 62. Bxg4 Kg5 63. Ra7 Kf6 64. Bh5 Be7 65. f4 exf4+ 66. Kxf4 Bd6+ 67. Kf3 Ke5 68. Bxf7 Rf8 69. Rb7 Ra8 70. Bg6 Rxa2 71. Ke3 Ra3+ 72. Kd2 Rc3 73. Bf5 Kd4 74. Kd1 b3 75. Bd7 Kxe4 76. Ba4 Kxd5 77. Rxb3 Rc4 78. Rd3+ Kc5 79. Bb3 Rh4 80. Kc2 Rh2+ 1/2-1/2

[Event "EYTCC U12 Open 2019"]
[Site "Pardubice"]
[Date "2019.07.12"]
[Round "2.8"]
[White "Piatrenka, Ivan"]
[Black "Klimkowski, Jan"]
[Result "0-1"]
[ECO "A45"]
[WhiteElo "1498"]
[BlackElo "1985"]
[Annotator "NA"]
[PlyCount "52"]
[EventDate "2019.07.11"]
[EventType "swiss"]
[EventCountry "CZE"]
[SourceTitle "playchess.com"]
[Source "ChessBase"]
[SourceQuality "1"]
[WhiteTeam "Belarus"]
[BlackTeam "Poland"]
[WhiteTeamCountry "BLR"]
[BlackTeamCountry "POL"]
[TimeControl "40/5400+30:1800+30"]

1. d4 Nf6 2. Bf4 g6 3. e3 Bg7 4. Nf3 O-O 5. c4 d6 6. h3 Nfd7 7. Nc3 Nc6 8. Be2 e5 9. dxe5 Ndxe5 10. O-O Be6 11. Nd5 Nxf3+ 12. Bxf3 Ne5 13. Bxe5 Bxe5 14. Bg4 f5 15. Be2 c6 16. Nc3 f4 17. Ne4 fxe3 18. fxe3 Qh4 19. Bf3 Bxc4 20. Rf2 d5 21. Nc5 Qg3 22. Nd3 Qh2+ 23. Kf1 Bxd3+ 24. Qxd3 Qh1+ 25. Ke2 Qxa1 26. Bxd5+ Kh8 0-1

[Event "EYTCC U12 Open 2019"]
[Site "Pardubice"]
[Date "2019.07.12"]
[Round "2.9"]
[White "Day, Tobias"]
[Black "Tancsa, Tamas"]
[Result "0-1"]
[ECO "C55"]
[WhiteElo "1826"]
[BlackElo "2126"]
[Annotator "NA"]
[PlyCount "52"]
[EventDate "2019.07.11"]
[EventType "swiss"]
[EventCountry "CZE"]
[SourceTitle "playchess.com"]
[Source "ChessBase"]
[SourceQuality "1"]
[WhiteTeam "Czech Republic"]
[BlackTeam "Hungary"]
[WhiteTeamCountry "CZE"]
[BlackTeamCountry "HUN"]
[TimeControl "40/5400+30:1800+30"]

1. e4 e5 2. Nf3 Nc6 3. Bc4 Nf6 4. d3 h6 5. c3 d6 6. b4 g5 7. a4 g4 8. Nfd2 d5 9. exd5 Nxd5 10. Qb3 Be6 11. Ne4 Be7 12. Na3 a5 13. b5 Nb8 14. Nc2 f5 15. Ng3 Nd7 16. d4 N7b6 17. Na3 Nxc4 18. Qxc4 exd4 19. cxd4 Nf4 20. Qc2 Bb4+ 21. Kf1 Qxd4 22. Bb2 Qd5 23. Rg1 Bxa3 24. Bxa3 O-O-O 25. Rc1 Qc4+ 26. Ke1 Nd3+ 0-1

[Event "EYTCC U12 Open 2019"]
[Site "Pardubice"]
[Date "2019.07.12"]
[Round "2.10"]
[White "Tran, David"]
[Black "Winter, Ondrej"]
[Result "0-1"]
[ECO "B38"]
[WhiteElo "2112"]
[BlackElo "1725"]
[Annotator "NA"]
[PlyCount "60"]
[EventDate "2019.07.11"]
[EventType "swiss"]
[EventCountry "CZE"]
[SourceTitle "playchess.com"]
[Source "ChessBase"]
[SourceQuality "1"]
[WhiteTeam "Hungary"]
[BlackTeam "Czech Republic"]
[WhiteTeamCountry "HUN"]
[BlackTeamCountry "CZE"]
[TimeControl "40/5400+30:1800+30"]

1. e4 c5 2. Nf3 Nc6 3. d4 cxd4 4. Nxd4 g6 5. c4 Bg7 6. Be3 Nf6 7. Nc3 O-O 8. Be2 d6 9. O-O Bd7 10. Rc1 Nxd4 11. Bxd4 Bc6 12. f3 a5 13. Qd2 Nd7 14. Be3 Be5 15. Rfd1 Nc5 16. b3 e6 17. Qc2 Qh4 18. g3 Bxg3 19. hxg3 Qxg3+ 20. Kf1 f5 21. Bxc5 dxc5 22. Qd3 g5 23. exf5 Rxf5 24. Ne4 Qf4 25. Kg2 Raf8 26. Rf1 g4 27. Rce1 Kh8 28. Qd2 gxf3+ 29. Bxf3 Rg8+ 30. Kh3 Qxf3+ 0-1

[Event "EYTCC U12 Open 2019"]
[Site "Pardubice"]
[Date "2019.07.12"]
[Round "2.11"]
[White "Hladky, Tadeas"]
[Black "Gaal, Zsoka"]
[Result "0-1"]
[ECO "B22"]
[WhiteElo "1638"]
[BlackElo "2047"]
[Annotator "NA"]
[PlyCount "74"]
[EventDate "2019.07.11"]
[EventType "swiss"]
[EventCountry "CZE"]
[SourceTitle "playchess.com"]
[Source "ChessBase"]
[SourceQuality "1"]
[WhiteTeam "Czech Republic"]
[BlackTeam "Hungary"]
[WhiteTeamCountry "CZE"]
[BlackTeamCountry "HUN"]
[TimeControl "40/5400+30:1800+30"]

1. e4 c5 2. c3 d5 3. exd5 Qxd5 4. d4 e6 5. Nf3 Nf6 6. Be2 Nc6 7. O-O cxd4 8. cxd4 Be7 9. Nc3 Qd6 10. a3 O-O 11. Be3 b6 12. Qd2 Bb7 13. Bf4 Qd7 14. Rfd1 Rfd8 15. Bb5 a6 16. Ne5 Qe8 17. Bxc6 Bxc6 18. Rac1 Rac8 19. Qe2 Bb7 20. f3 b5 21. b4 Nd5 22. Nxd5 Bxd5 23. Qe3 Bc4 24. Nxc4 bxc4 25. Qe2 Qb5 26. Bg3 a5 27. bxa5 Bxa3 28. Ra1 Bb2 29. Rab1 Bxd4+ 30. Bf2 Bxf2+ 31. Kxf2 Qxa5 32. Rxd8+ Qxd8 33. Rd1 Qb6+ 34. Kf1 g6 35. g4 c3 36. Rc1 c2 37. Kg2 Qb2 0-1